 Seeded DCSS version 0.32-a0-975-g85d4e5bfdb (webtiles) character file.

Game seed: 202404183 (custom seed)

605 Orlauf the Chopper (level 7, -6/56 HPs)
             Began as a Demonspawn Gladiator on Apr 18, 2024.
             Was a Follower of Uskayaw.
             Splashed by a jelly's acid (9 damage)
             ... on level 5 of the Dungeon.
             The game lasted 00:05:12 (3379 turns).

Orlauf the Chopper (Demonspawn Gladiator)           Turns: 3379, Time: 00:05:12

Health: -6/56      AC: -3    Str: 16    XL:     7   Next: 19%
Magic:  9/9        EV: 10    Int:  8    God:    Uskayaw [*.....]
Gold:   280        SH:  0    Dex: 15    Spells: 6/6 levels left

rFire   + . .        a - +0 war axe
rCold   . . .        (no shield)
rNeg    . . .        p - +0 ring mail
rPois   .            c - +0 helmet
rElec   .            x - +0 cloak
rCorr   .            r - +0 pair of gloves
SInv    .            (no boots)
Will    .....        (no amulet)
Stlth   +            s - ring of protection from fire
HPRegen 0.29/turn    (no ring)
MPRegen 0.11/turn

%: no passive effects
@: corroded
A: rugged brown scales 1, weakness stinger 2
a: Renounce Religion, Stomp


You were on level 5 of the Dungeon.
You worshipped Uskayaw.
Uskayaw was noncommittal.
You visited 2 branches of the dungeon, and saw 6 of its levels.

You collected 280 gold pieces.

Inventory:

Hand Weapons
 a - a +0 war axe (weapon)
 h - a +0 mace
Missiles
 d - 2 throwing nets (quivered)
 e - a javelin
Armour
 c - a +0 helmet (worn)
 p - a +0 ring mail (worn)
 r - a +0 pair of gloves (worn)
 x - a +0 cloak (worn)
Jewellery
 s - a ring of protection from fire (left hand)
Wands
 w - a wand of iceblast (12)
Scrolls
 b - a scroll of poison
 k - 2 scrolls of teleportation
 m - a scroll of blinking {unknown}
 o - a scroll of vulnerability {unknown}
 q - 2 scrolls of immolation
 u - a scroll of fog {unknown}
Potions
 f - a potion of berserk rage {unknown}
 g - a potion of curing
 i - 2 potions of brilliance {unknown}
 l - a potion of degeneration {unknown}
 n - a potion of mutation {unknown}
 t - a potion of cancellation {unknown}
 v - a potion of might {unknown}


   Skills:
 + Level 4.6 Fighting
 * Level 6.1 Axes
 - Level 1.7 Throwing
 - Level 2.6 Dodging
 + Level 3.0 Invocations


You had 6 spell levels left.
You didn't know any spells.
Your spell library was empty.

Dungeon Overview and Level Annotations

Branches:
Dungeon (5/15)             Temple (1/1) D:4

Altars:
Dithmenos
Gozag
Hepliaklqana
Kikubaaqudgha
Makhleb
Nemelex Xobeh
Okawaru
Qazlal
Ru
Sif Muna
Trog
Uskayaw
Vehumet
Yredelemnul

Shops:
D:4 :

Annotations:
D:3 3 runed translucent doors, lucidstorm14's ghost, amateur MiBe
D:5 2 transporters


Innate Abilities, Weirdness & Mutations

You are partially covered in rugged brown scales. (AC +1, +3% HP)
You have a tail ending in a sharp stinger.


Message History

You kill the ice beast!
Your Axes skill increases to level 6!
Your Invocations skill increases to level 3!
You enter the shallow water.
Moving in this stuff is going to be slow.
A jelly comes into view.
The jelly quivers.
You see here an amethyst potion.
The jelly hits you.
You are splashed with acid!
You can no longer pass through a line of other dancers.
You hit the jelly but do no damage.
Your hands burn!
* * * LOW HITPOINT WARNING * * *
The jelly hits you but does no damage. The jelly barely misses you.
You hit the jelly. The acid corrodes you!
Your hands burn!
* * * LOW HITPOINT WARNING * * *
The jelly is lightly wounded.
The jelly barely misses you.
You hit the jelly. The acid corrodes you!
Your hands burn!
* * * LOW HITPOINT WARNING * * *
The jelly is lightly wounded.
The jelly misses you.
You are too injured to fight recklessly!
You feel much better. The jelly hits you but does no damage.
You hit the jelly but do no damage.
Your hands burn!
You tail-slap the jelly.
The jelly is heavily wounded.
The jelly hits you. The acid corrodes you!
You are splashed with acid!
You hit the jelly but do no damage.
Your hands burn!
The jelly is heavily wounded.
The jelly hits you.
* * * LOW HITPOINT WARNING * * *
You are splashed with acid!
* * * LOW HITPOINT WARNING * * *
Aiming: Iceblast
Press: ? - help, Shift-Dir - straight line
Okay, then.
The jelly attacks as it pursues you! The jelly hits you.
* * * LOW HITPOINT WARNING * * *
You are splashed with acid!
You die...
Your body falls in perfect tune with the rhythm.

.# #..... ..
+..... .##....
### ...... ....
.... .....
#..###... #..#~~.
#..#~# # #.J@.#
©.# #####.#!...#
..# ...........♣
_B♣ ..
######.....# ..#
... #........#
©.#...
#......#~#####~#
#......#~~.©.~~#
+......###...####
#......##...##..#


You could see a jelly.

Vanquished Creatures
  Grinder (D:4)
  An ice beast (D:5)
  An ogre (D:4)
  A hound (D:4)
  Crazy Yiuf (D:4)
  Jessica (D:3)
  An iguana (D:4)
  2 adders
  2 ufetubi (D:5)
  2 ribbon worms
  5 orcs
  7 endoplasms
  4 giant cockroaches
  10 goblins
  8 hobgoblins
  9 jackals
  A quokka (D:1)
  9 ball pythons
  5 bats
  3 frilled lizards
  6 kobolds
  9 rats
89 creatures vanquished.

Notes
Turn   | Place    | Note
-------+----------+-------------------------------------------
     0 | D:1      | Orlauf the Demonspawn Gladiator began the quest for the
                  | Orb.
     0 | D:1      | Reached XP level 1. HP: 16/16 MP: 1/1
   118 | D:1      | Reached skill level 3 in Axes
   122 | D:1      | Gained mutation: You have a small tail. [demonic ancestry]
   122 | D:1      | Reached XP level 2. HP: 8/22 MP: 2/2
   591 | D:1      | Found a faded altar of an unknown god.
   597 | D:1      | Reached XP level 3. HP: 23/28 MP: 3/3
  1578 | D:3      | Reached skill level 4 in Axes
  1599 | D:3      | Reached XP level 4. HP: 33/34 MP: 4/4
  1867 | D:3      | Noticed Jessica
  1874 | D:3      | Killed Jessica
  2031 | D:3      | Found a runed translucent gate.
  2031 | D:3      | Found a runed translucent gate.
  2031 | D:3      | Found a runed translucent gate.
  2031 | D:3      | Noticed lucidstorm14's ghost (amateur MiBe)
  2302 | D:4      | Found Demack's Book Boutique.
  2351 | D:4      | Found an ancient bone altar of Kikubaaqudgha.
  2351 | D:4      | Noticed an ogre
  2357 | D:4      | Killed an ogre
  2358 | D:4      | Gained mutation: You are partially covered in rugged brown
                  | scales. (AC +1, +3% HP) [demonic ancestry]
  2358 | D:4      | Reached XP level 5. HP: 36/42 MP: 5/5
  2443 | D:4      | Found a sacrificial altar of Ru.
  2457 | D:4      | Reached skill level 5 in Axes
  2485 | D:4      | Found a staircase to the Ecumenical Temple.
  2521 | Temple   | Entered the Ecumenical Temple
  2549 | Temple   | Became a worshipper of Uskayaw the Reveller
  2569 | D:4      | Noticed Grinder
  2580 | D:4      | Paralysed by Grinder for 5 turns
  2585 | D:4      | Reached * piety under Uskayaw
  2595 | D:4      | Reached ** piety under Uskayaw
  2598 | D:4      | Paralysed by Grinder for 2 turns
  2604 | D:4      | Killed Grinder
  2605 | D:4      | Reached XP level 6. HP: 27/49 MP: 5/7
  3033 | D:4      | Found a runed translucent door.
  3034 | D:4      | Noticed Crazy Yiuf
  3041 | D:4      | Killed Crazy Yiuf
  3260 | D:5      | Entered Level 5 of the Dungeon
  3326 | D:5      | Gained mutation: You have a tail ending in a sharp stinger.
                  | [demonic ancestry]
  3326 | D:5      | Reached XP level 7. HP: 50/56 MP: 8/8
  3342 | D:5      | Found a transporter.
  3349 | D:5      | Found a transporter.
  3363 | D:5      | Reached *** piety under Uskayaw
  3365 | D:5      | Reached skill level 6 in Axes
  3379 | D:5      | Splashed by a jelly's acid

Illustrated notes

Levels and vault maps discovered:
D:1:      dpeg_arrival_castle, layout_basic,
          hellmonk_ecumenical_altar_pennies_from_heaven
D:2:      layout_rooms
D:3:      layout_loops_corners, ebering_ghost_rock_garden, uniq_jessica
D:4:      layout_basic, overflow_temple_1_default, lemuel_crystal_altar,
          minmay_temple_entry_grid, serial_shops, shop, serial_bayou_pond_e,
          uniq_crazy_yiuf_cottage, uniq_grinder
D:5:      layout_basic, elyvilon_altar_4, portal_sewer_entry_d, uniq_eustachio
Temple:   compressed_dpeg_circular_temple

Skill      XL: |  1  2  3  4  5  6  7 |
---------------+----------------------+-----
Axes           | 3 4 5 6 |  6.1
Fighting       | 3 4 |  4.6
Invocations    | 2 3 |  3.0
Throwing       | |  1.7
Dodging        | |  2.6

Action                     |  1- 3 |  4- 6 |  7- 9 || total
---------------------------+-------+-------+-------++-------
  Melee: War axe           |   129 |    92 |    16 ||   237
         Tailslap          |     9 |    15 |     2 ||    26
  Throw: Throwing net      |       |     2 |       ||     2
         Javelin           |       |     1 |       ||     1
    Use: Scroll            |     4 |     3 |       ||     7
         Potion            |       |     1 |     1 ||     2
   Stab: Sleeping          |     1 |       |       ||     1
         Paralysed         |       |       |     1 ||     1
 Armour: Leather armour    |    94 |       |       ||    94
         Ring mail         |     1 |    70 |    14 ||    85
         Skin              |       |    10 |       ||    10
  Dodge: Dodged            |    83 |    70 |    10 ||   163

Table legend: (Time is in decaauts)
 A = Elapsed time spent in this place.
 B = Non-inter-level travel time spent in this place.
 C = Inter-level travel time spent in this place.
 D = Time resting spent in this place.
 E = Time spent auto-exploring this place.
 F = Levels seen in this place.
 G = Mean time per level.
                   A        B        C        D        E       F      G
               +--------+--------+--------+--------+--------+-----+--------+
         Total |   3458 |   3328 |    130 |    193 |   2334 |   6 |  576.3 |
       Dungeon |   3419 |   3299 |    120 |    193 |   2334 |   5 |  683.8 |
        Temple |     38 |     28 |     10 |      0 |      0 |   1 |   38.0 |
               +--------+--------+--------+--------+--------+-----+--------+

Top non-repeatable levels by time:
     D:1: 957 daAuts
     D:3: 953 daAuts
     D:4: 940 daAuts
     D:2: 442 daAuts
     D:5: 126 daAuts
  Temple: 38 daAuts
